 Dungeon Crawl Stone Soup version 0.24.0-2-g5b39cebb1c (webtiles) character file.

Game seed: 1854873930397853013, levelgen mode: deterministic

218 MTVSty1e the Poker (level 6, -2/47 HPs)
             Began as a Formicid Fighter on Oct 30, 2019.
             Splashed by a jelly's acid (9 damage)
             ... on level 3 of the Dungeon.
             The game lasted 00:01:57 (2223 turns).

MTVSty1e the Poker (Formicid Fighter)               Turns: 2223, Time: 00:01:57

Health: -2/47      AC: -1    Str: 27    XL:     6   Next: 17%
Magic:  6/6        EV:  8    Int:  8    God:
Gold:   84         SH: 10    Dex: 10    Spells: 5/5 levels left

rFire    . . .     SeeInvis +   a - +0 trident
rCold    . . .     Gourm    .   c - +0 shield
rNeg     . . .     Faith    .   b - +0 scale mail
rPois    .         Spirit   .   (helmet unavailable)
rElec    .         Reflect  .   (no cloak)
rCorr    .         Harm     .   (no gloves)
MR       .....                  (no boots)
Stlth    ..........             (no amulet)
HPRegen  0.15/turn              (no ring)
MPRegen  0.10/turn              (no ring)

@: mighty, corroded
A: permanent stasis, dig shafts and tunnels, four strong arms, antennae 3
a: Dig, Shaft Self


You were on level 3 of the Dungeon.
You were not hungry.

You visited 1 branch of the dungeon, and saw 3 of its levels.

You collected 84 gold pieces.

Inventory:

Hand Weapons
 a - a +0 trident (weapon)
Armour
 b - a +0 scale mail (worn)
 c - a +0 shield (worn)
Scrolls
 e - a scroll of magic mapping {unknown}
 g - 2 scrolls of enchant armour {unknown}
 i - 3 scrolls of identify {unknown}
 j - 3 scrolls of teleportation {unknown}
 k - 2 scrolls of random uselessness {unknown}
 l - a scroll of remove curse {unknown}
 m - 2 scrolls of immolation {unknown}
Potions
 d - 3 potions of might
 h - 2 potions of mutation {unknown}
 n - 2 potions of brilliance {unknown}
 o - a potion of heal wounds {unknown}
 p - a potion of magic {unknown}
 q - a potion of curing {unknown}
 r - a potion of flight {unknown}
Comestibles
 f - 5 rations


   Skills:
 - Level 3.2 Fighting
 + Level 6.0 Polearms
 - Level 3.2 Armour
 - Level 3.6 Shields


You had 5 spell levels left.
You didn't know any spells.
Your spell library was empty.

Dungeon Overview and Level Annotations

Branches:
Dungeon (3/15)

Altars:
Elyvilon
Nemelex Xobeh
Xom


Innate Abilities, Weirdness & Mutations

You cannot be hasted, slowed, berserked, paralysed or teleported.
You can dig through walls and to a lower floor.
Your four strong arms can wield two-handed weapons with a shield.
You have a pair of large antennae on your head. (SInv)


Message History

Your experience leads to an increase in your attributes!
Increase (S)trength, (I)ntelligence, or (D)exterity?
You feel stronger.
You hit the ooze but do no damage. The ooze hits you but does no damage.
You puncture the ooze!
The ooze is almost dead.
You block the ooze's attack.
You puncture the ooze!
You kill the ooze!
Your Polearms skill increases to level 6!
You block the jelly's attack.
You hit the jelly but do no damage. The acid corrodes you!
Your hands burn!
The jelly hits you.
You are splashed with acid!
* * * LOW HITPOINT WARNING * * *
You are too injured to fight recklessly!
You feel very mighty all of a sudden. The jelly hits you.
* * * LOW HITPOINT WARNING * * *
You are splashed with acid!
You die...

#..# ##.## ### #..#
#$...÷.##(#########.##
#......#.#.#.)..###((#.#
#÷..{÷.#(#.#....(##.(#.#
#..JPJJ#)#'#....†)().#.#
#..J..J#.#......))'..#.#
#.÷.{..#@#........'..#.#
#...J{{#J#.......##).#.#
#P..{P{J##......####.#.#
#......########## #(..#
####### ##(.# ####(.#
#....>## #.#<..()
#.######


You could see a jelly and an ooze.

Vanquished Creatures
  A crimson imp (D:3)
  A jelly (D:3)
  Natasha (D:2)
  A gnoll (D:1)
  3 adders (D:2)
  3 oozes (D:3)
  2 worms
  A dart slug (D:1)
  A leopard gecko (D:2)
  An orc (D:3)
  2 giant cockroaches (D:1)
  9 goblins
  6 hobgoblins
  5 jackals
  17 kobolds
  A quokka (D:3)
  A ball python (D:1)
  3 bats
  3 frilled lizards
  7 rats
69 creatures vanquished.

Vanquished Creatures (others)
  3 fungi (D:3)
  7 toadstools (D:3)
10 creatures vanquished.

Grand Total: 79 creatures vanquished

Notes
Turn   | Place    | Note
-------+----------+-------------------------------------------
     0 | D:1      | MTVSty1e the Formicid Fighter began the quest for the Orb.
     0 | D:1      | Reached XP level 1. HP: 18/18 MP: 1/1
    15 | D:1      | Reached XP level 2. HP: 24/24 MP: 2/2
    54 | D:1      | Reached skill level 3 in Polearms
   102 | D:1      | Reached XP level 3. HP: 20/29 MP: 3/3
   694 | D:2      | Found a white marble altar of Elyvilon.
   733 | D:2      | Reached skill level 4 in Polearms
   733 | D:2      | Reached XP level 4. HP: 35/35 MP: 4/4
   936 | D:2      | Found a sparkling altar of Nemelex Xobeh.
  1288 | D:2      | Noticed Natasha
  1299 | D:2      | Killed Natasha
  1299 | D:2      | Reached XP level 5. HP: 25/41 MP: 5/5
  1460 | D:2      | Reached skill level 5 in Polearms
  1829 | D:3      | Found a shimmering altar of Xom.
  2218 | D:3      | Reached XP level 6. HP: 24/47 MP: 6/6
  2221 | D:3      | Reached skill level 6 in Polearms
  2223 | D:3      | Splashed by a jelly's acid

Levels and vault maps discovered:
D:1:      wander_arrival_peaceful_grave, layout_rooms, serial_park_tiny_2
D:2:      layout_loops_ring, nicolae_overflow_crystal_walls,
          nemelex_xobeh_ov_fountains_minmay, serial_bayou_pond_a,
          kennysheep_generic_room_12, uniq_natasha
D:3:      cheibrodos_fertilizer, layout_basic, led_xom_imps, uniq_jessica

Skill      XL: |  1  2  3  4  5  6 |
---------------+-------------------+-----
Polearms       | 3 4 5 6 |  6.0
Fighting       | |  3.2
Armour         | |  3.2
Shields        | |  3.6

Action                   |  1- 3 |  4- 6 || total
-------------------------+-------+-------++-------
Melee: Trident           |    94 |   138 ||   232
  Use: Potion            |       |     1 ||     1
  Eat: Chunk             |       |     2 ||     2
       Ration            |       |     1 ||     1
Armor: Scale mail        |    46 |    48 ||    94
Dodge: Dodged            |    33 |    17 ||    50
Block: Shield            |    42 |    64 ||   106
